 Dungeon Sprint DCSS version 0.30.1 (webtiles) character file.

Game seed: 4934816626998922157

12 Groucho the Ducker (level 1, 0/9 HPs)
             Began as a Felid Transmuter on July 7, 2023.
             Was a Follower of Makhleb.
             Slain by a water moccasin (9 damage)
             ... in the Dungeon (Sprint VI: "Thunderdome").
             The game lasted 00:01:22 (151 turns).

Groucho the Ducker (Felid Transmuter)                Turns: 151, Time: 00:01:23

Health: 0/9        AC:  1    Str:  6    XL:     1   Next: 66%
Magic:  4/4        EV: 18    Int: 14    God:    Makhleb [*.....]
Gold:   220        SH:  0    Dex: 16    Spells: 3/4 levels left
                                        Lives:  0   Deaths: 0

rFire   . .          .
                       - Unarmed
rCold   . . .        (shield unavailable)
rNeg    . . .        (body armour unavailable)
rPois   .            (helmet unavailable)
rElec   .            (cloak unavailable)
rCorr   .            (gloves unavailable)
SInv    +            (boots unavailable)
Will    .....        (no amulet)
Stlth   +            (no ring)
HPRegen 0.21/turn    (no ring)
MPRegen 0.09/turn

%: no teleportation
@: quick
A: very small, claws 1, fangs 3, see invisible, speed 1, shaggy fur 1, stealthy
paws, no weapons or thrown items, no armour, multi-lived
a: Renounce Religion


You were in the Dungeon.
You worshipped Makhleb.
Makhleb was aware of your devotion.
You visited 1 branch You collected 220 gold pieces.

Inventory:

Wands
 i - a wand of light (5)
 j - a wand of iceblast (5)
Scrolls
 g - 4 scrolls of blinking
 k - 3 scrolls of fog
Potions
 a - a potion of lignification
 b - a potion of curing
 c - 4 potions of heal wounds
 d - 4 potions of haste
 e - 2 potions of magic
 f - a potion of berserk rage
 h - 2 potions of resistance


   Skills:
 + Level 1.5 Fighting
 + Level 3.8 Dodging
 + Level 3.2 Unarmed Combat
 + Level 2.2 Spellcasting
 + Level 2.5 Transmutations
 + Level 0.4 Invocations


You had 3 spell levels left.
You knew the following spells:

 Your Spells              Type           Power      Damage    Failure   Level
a - Beastly Appendage     Tmut           16%        N/A       9%          1

Your spell library contained the following spells:

 Spells                   Type           Power      Damage    Failure   Level
 Wereblood                Tmut           8%         N/A       12%         2
 Spider Form              Tmut/Pois      5%         N/A       38%         3
 Ice Form                 Ice/Tmut       5%         N/A       80%         4


Dungeon Overview and Level Annotations

Branches:
Dungeon (1/1)

Altars:
Cheibriados
Dithmenos
Fedhas
Gozag
Kikubaaqudgha
Makhleb
Okawaru
Qazlal
Ru
Sif Muna
Trog
Uskayaw
Vehumet
Wu Jian
Xom
Yredelemnul
Zin
The Shining One
Lugonu

Shops:
D *[??*?*:[((!!!!


Innate Abilities, Weirdness & Mutations

You have sharp claws.
You have razor-sharp teeth.
You have supernaturally acute eyesight. (SInv)
You cover ground quickly. (Speed+)
You are covered in fur. (AC +1)
Your paws help you pounce on unaware monsters.
You are incapable of wielding weapons or throwing items.
You cannot wear armour.
You gain extra lives every three experience levels.


Message History

The jackal bites you.
You scratch the jackal. Your bite misses the jackal.
The jackal is moderately wounded.
The jackal completely misses you.
You scratch the jackal but do no damage.
The jackal is moderately wounded.
The jackal bites you.
The jackal bites you but does no damage.
You closely miss the jackal.
The jackal is moderately wounded.
The jackal bites you.
You barely miss the jackal.
The jackal is moderately wounded.
The jackal closely misses you.
You scratch the jackal but do no damage.
The jackal is moderately wounded. 20...
The jackal misses you. The jackal completely misses you.
You scratch the jackal.
You kill the jackal!
Makhleb accepts your kill.
You can now gain health from killing.
Victory!
Score multiplier: 2x You now have 12 arena points (gained 12).
Unknown command.
Unknown command.
You now have 220 gold pieces (gained 20).
You start resting.
HP restored.
Get ready!
ROUND 2!
FIGHT!
You see here a rat corpse.
There is an entrance to Ronolysk's Miscellaneous Merchandise here.
There is an entrance to Haufuuce's Premium Goods here.
A water moccasin comes into view.
A redback comes into view.
The water moccasin hisses angrily.
You miss the water moccasin. The water moccasin bites you!
Ouch! That really hurt!
You die...

##.............###............
#⌠..........###...###.†.......
#⌠..........# #.<.# #.........
#⌠..........###...###.........
##.............###............
###∩........8.# #.8........∩#
##∩__....s..###..†...___∩##
######.8S........8.######
#⌠..@........⌠#
###.........### #_........#
#_......._# #_......._#
#∩.......∩# ##∩.....∩##
##.....## ##⌠⌠⌠##


You could see a water moccasin and a redback.

Vanquished Creatures
  An endoplasm (D)
  A goblin (D)
  A jackal (D)
  A ball python (D)
  A rat (D)
5 creatures vanquished.

Notes
Turn   | Place    | Note
-------+----------+-------------------------------------------
     0 | D        | Groucho the Felid Transmuter began the quest for the Orb.
     0 | D        | Reached XP level 1. HP: 9/9 MP: 4/4
     0 | D        | Found a shimmering blue altar of Sif Muna.
     1 | D        | Found a stormy altar of Qazlal.
     1 | D        | Found a radiant altar of Vehumet.
     2 | D        | Found a corrupted altar of Lugonu.
     2 | D        | Found a shimmering altar of Xom.
     3 | D        | Found Liddoik's Distillery.
     3 | D        | Found a basalt altar of Yredelemnul.
     3 | D        | Found a shadowy altar of Dithmenos.
     3 | D        | Found Nusiqupo's Do-It-Yourself Clinic.
     4 | D        | Found Usaeno's Distillery.
     4 | D        | Found Tadid's Bottled Wisdom.
     7 | D        | Round 1.
     8 | D        | Found an iron altar of Okawaru.
     9 | D        | Found a bloodstained altar of Trog.
    12 | D        | Found Wanuus's Weapon Rack.
    15 | D        | Found an ancient bone altar of Kikubaaqudgha.
    15 | D        | Found an ornate altar of the Wu Jian Council.
    15 | D        | Found a sacrificial altar of Ru.
    15 | D        | Found Haufuuce's Premium Goods.
    23 | D        | Found a glowing golden altar of the Shining One.
    26 | D        | Found Ronolysk's Miscellaneous Merchandise.
    26 | D        | Found Touranip's Basic Armour.
    29 | D        | Found a burning altar of Makhleb.
    30 | D        | Found Laphiec's Identification Station.
    30 | D        | Found a snail-covered altar of Cheibriados.
    31 | D        | Found Ophynn's Advanced Armour.
    31 | D        | Found Wuifuss's Jewellery.
    43 | D        | Found a glowing silver altar of Zin.
    44 | D        | Found an opulent altar of Gozag.
    52 | D        | Became a worshipper of Makhleb the Destroyer
    67 | D        | Found a blossoming altar of Fedhas.
    68 | D        | Found Lofoufrafo's Magic Scroll Shop.
    69 | D        | Found Haheaw's Magic Scroll Shop.
    69 | D        | Found Tinoam Sifo's Must-Have Magic.
    72 | D        | Found a hide-covered altar of Uskayaw.
    72 | D        | Found Goybagep's Staff Store.
    90 | D        | Reached * piety under Makhleb
    90 | D        | Arena points: 12 (+12) [x2]
   125 | D        | Round 2.
   144 | D        | Noticed a water moccasin
   145 | D        | Noticed a redback
   151 | D        | Slain by a water moccasin

Illustrated notes

Levels and vault maps discovered:
D:        arena_sprint

Skill      XL: |  1 |
---------------+----+-----
Dodging        | 3 |  3.8
Fighting       | |  1.5
Unarmed Combat | |  3.2
Spellcasting   | |  2.2
Transmutations | |  2.5
Invocations    | |  0.4

Action                     || total
---------------------------++-------
  Melee: Unarmed           ||    15
         Bite              ||     1
 Armour: Skin              ||     1
  Dodge: Dodged            ||    10
